 Dungeon Crawl Stone Soup version 0.30.0-2-g1aa4bd4387 (webtiles) character file.

Game seed: 13941536315217934130

148 KamiKatze the Trooper (level 5, -2/33 HPs)
             Began as a Gargoyle Berserker on May 7, 2023.
             Was a Believer of Trog.
             Slain by a goblin
             ... wielding a +2 dagger of venom
             ... led by Robin
              (3 damage)
             ... on level 4 of the Dungeon.
             The game lasted 00:06:58 (1955 turns).

KamiKatze the Trooper (Gargoyle Berserker)          Turns: 1955, Time: 00:06:58

Health: -2/33      AC: 10    Str: 22    XL:     5   Next: 30%
Magic:  5/5        EV: 11    Int:  8    God:    Trog [**....]
Gold:   232        SH:  0    Dex: 15    Spells: 4/4 levels left

rFire   . . .        a - +0 hand axe
rCold   . . .        (no shield)
rNeg    + . .        y - +0 ring mail
rPois   ∞            e - +0 helmet
rElec   +            (no cloak)
rCorr   .            (no gloves)
SInv    .            (no boots)
Will    ++...        (no amulet)
Stlth   +            j - +6 ring of dexterity
HPRegen 1.25/turn    (no ring)
MPRegen 0.09/turn

%: no passive effects
@: strong-willed, regenerating
A: sickness immunity, AC +4, negative energy resistance 1, electricity
resistance, torment resistance 1, petrification resistance
a: Renounce Religion, Berserk, Trog's Hand


You were on level 4 of the Dungeon.
You worshipped Trog.
Trog was pleased with you.
You visited 1 branch of the dungeon, and saw 4 of its levels.

You collected 232 gold pieces.

Inventory:

Hand Weapons
 a - a +0 hand axe (weapon)
 n - a +2 whip of venom
 w - a +0 flail
Missiles
 r - 2 poisoned darts (quivered)
Armour
 b - a +0 chain mail
 e - a +0 helmet (worn)
 f - a +0 crystal plate armour
 l - a +0 scale mail
 s - a +0 chain mail
 y - a +0 ring mail (worn)
Jewellery
 j - a +6 ring of dexterity (left hand)
 t - an amulet of regeneration
Wands
 v - a wand of light (10)
Scrolls
 g - 2 scrolls of enchant weapon {unknown}
 i - 4 scrolls of identify
 k - a scroll of teleportation {unknown}
 o - 3 scrolls of enchant armour {unknown}
 p - a scroll of brand weapon {unknown}
 u - 4 scrolls of poison {unknown}
 x - a scroll of blinking {unknown}
Potions
 d - 2 potions of cancellation
 h - 3 potions of degeneration {unknown}
 m - a potion of ambrosia {unknown}
 q - a potion of magic {unknown}


   Skills:
 + Level 3.9 Fighting
 * Level 3.7 Axes
 + Level 1.4 Throwing
 - Level 3.0 Armour
 - Level 2.0 Dodging
 + Level 1.2 Evocations


You had 4 spell levels left.
You didn't know any spells.
Your spell library was empty.

Dungeon Overview and Level Annotations

Branches:
Dungeon (4/15)
 Temple: D:4-7

Altars:

Annotations:
D:1 dig in w:1
D:4 Robin


Innate Abilities, Weirdness & Mutations

You are immune to sickness and miasma.
Your stone body is resilient. (AC +4)
You are immune to poison.
You resist negative energy. (rN+)
You are resistant to electric shocks. (rElec)
You are resistant to unholy torment.
You are immune to petrification.


Message History

You are too injured to fight recklessly!
Unknown command.
You are too injured to fight recklessly!
You barely miss the goblin. You hit the gnoll.
The gnoll hits you but does no damage. The goblin closely misses you.
Robin roars a battlecry!
You slash the goblin!
You kill the goblin!
Trog accepts your kill.
You hit the gnoll. Robin throws the goblin at you!
The gnoll closely misses you.
Unknown command.
You hit the goblin.
The goblin is heavily wounded.
You hit the gnoll. The goblin hits you with a +0 dagger.
Robin hits you from afar with a +0 spear.
The gnoll hits you but does no damage.
A goblin comes into view. It is wielding a +2 dagger of venom.
Unknown command.
You hit the goblin.
You kill the goblin!
Trog accepts your kill.
You hit the gnoll but do no damage.
Robin hits you from afar with a +0 spear.
* * * LOW HITPOINT WARNING * * *
The gnoll hits you with a +0 flail!
* * * LOW HITPOINT WARNING * * *
The gnoll attacks as you move away! The gnoll hits you with a +0 flail.
* * * LOW HITPOINT WARNING * * *
Things that are here:
a +0 dagger; a +0 club; a goblin corpse Unknown command.
Robin throws the goblin at you! The goblin hits you but does no damage.
As you read the scroll labelled ENUMMU LIHO, it crumbles to dust.
It is a scroll of identify.
d - 2 potions of cancellation Robin throws the goblin at you!
The gnoll hits you with a +0 flail.
* * * LOW HITPOINT WARNING * * *
The goblin hits you with a +2 dagger of venom.
You die...

... 8.?. .....
#...#### #+#. ##~≈≈~#
.#.#.#..# .....
#~~≈≈~
........###g....#
.~≈≈~~###
#..g@ggg......
.~≈≈~##..
#..g.####.....
.~≈≈~##.# #....####
...
~~≈≈~##.#####.......+
.
~≈≈~~##.##..[...#####
~≈≈~<...##.##...#
~≈≈~###>...##...#
~≈≈~# #.....#...#
~≈≈~# #.........#


You could see Robin, 2 gnolls and 3 goblins.

Vanquished Creatures
  A gnoll (D:4)
  7 adders
  2 worms
  A dart slug (D:2)
  An orc (D:3)
  2 ball pythons (D:1)
  9 endoplasms
  5 giant cockroaches
  5 hobgoblins
  2 jackals (D:2)
  2 quokkas (D:1)
  4 bats
  3 frilled lizards (D:2)
  10 goblins
  4 kobolds
  8 rats
66 creatures vanquished.

Notes
Turn   | Place    | Note
-------+----------+-------------------------------------------
     0 | D:1      | KamiKatze the Gargoyle Berserker began the quest for the
                  | Orb.
     0 | D:1      | Reached XP level 1. HP: 14/14 MP: 1/1
   166 | D:1      | Reached XP level 2. HP: 19/19 MP: 2/2
   482 | D:2      | Reached XP level 3. HP: 23/23 MP: 3/3
   681 | D:2      | Reached skill level 1 in Throwing
   742 | D:2      | Reached XP level 4. HP: 22/28 MP: 4/4
   865 | D:2      | Reached ** piety under Trog
  1003 | D:2      | Identified the +3 ring mail "Uxtex" {+Blink rPois rC-
                  | rN+++}
  1086 | D:3      | Reached skill level 1 in Evocations
  1458 | D:3      | Reached XP level 5. HP: 28/33 MP: 5/5
  1942 | D:4      | Noticed Robin
  1955 | D:4      | HP: 1/33 [gnoll/+0 flail (6)]
  1955 | D:4      | Slain by a goblin

Illustrated notes

Levels and vault maps discovered:
D:1:      dpeg_arrival_rhombus, layout_rooms, item_on_display_a
D:2:      layout_basic
D:3:      layout_basic, kennysheep_generic_room_15
D:4:      wander_river, layout_basic, uniq_robin

Skill      XL: |  1  2  3  4  5 |
---------------+----------------+-----
Axes           | 3 |  3.7
Throwing       | 1 |  1.4
Dodging        | 2 |  2.0
Evocations     | 1 |  1.2
Armour         | 3 |  3.0
Fighting       | |  3.9

Action                     |  1- 3 |  4- 6 || total
---------------------------+-------+-------++-------
  Melee: Hand axe          |    97 |   110 ||   207
         Punch             |       |     2 ||     2
 Invoke: Trog's Hand       |       |     1 ||     1
    Use: Scroll            |       |     1 ||     1
   Stab: Sleeping          |       |     1 ||     1
 Armour: Leather armour    |    47 |    26 ||    73
         Ring mail         |       |    17 ||    17
  Dodge: Dodged            |    70 |    60 ||   130
